 Dungeon Crawl Stone Soup version 0.29-a0-870-g2c972031a6 (webtiles) character file.

Game seed: 5895831522038797309

193546 manyhoops the Stormcaller (level 17, 0/134 HPs)
             Began as a Demigod Air Elementalist on July 17, 2022.
             Slain by a wolf spider (9 damage)
             ... summoned by a broodmother
             ... on level 4 of the Spider Nest.
             The game lasted 01:39:40 (48722 turns).

manyhoops the Stormcaller (DgAE)                   Turns: 48722, Time: 01:39:40

Health: 0/134      AC: 21    Str: 15 (18) XL:     17   Next: 8%
Magic:  16/59      EV:  5    Int: 41 (42) God:
Gold:   1186       SH:  0    Dex: 12 (14) Spells: 8/44 levels left

rFire   + + .      SeeInvis +   W - +8 dagger of Excruciating Pain {flame, rC++}
rCold   + + .      Faith    .   h - +0 kite shield {reflect}
rNeg    + . .      Spirit   .   b - +0 swamp dragon scales
rPois   +          Reflect  +   Y - +3 hat of Pondering {ponderous, Will+ MP+10 Int+5}
rElec   .          Harm     .   k - +0 cloak
rCorr   +          Rampage  .   O - +2 pair of gloves {Str+3}
Will    ++...                   e - +2 pair of boots {Stlth+}
Stlth   ++........              (no amulet)
HPRegen 0.32/turn               I - +6 ring of strength
MPRegen 0.36/turn               N - ring "Juplirgh" {rF+ rN+ rCorr MP+9 SInv}

@: slightly contaminated, held, studying Polearms, slow
A: high MP 1, forlorn, divine attributes, fangs 1, fire resistance 1
}: 1/15 runes: decaying
a: no special abilities


You were on level 4 of the Spider Nest.
You visited 5 branches of the dungeon, and saw 29 of its levels.
You also visited: Sewer.

You collected 2646 gold pieces.
You spent 1460 gold pieces at shops.

Inventory:

Hand Weapons
 W - the +8 dagger of Excruciating Pain (weapon) {flame, rC++}
   (You found it on level 3 of the Lair of Beasts)

   It burns those it strikes, dealing additional fire damage.
   rC:        It greatly protects you from cold.
Missiles
 L - a throwing net
Armour
 b - +0 swamp dragon scales (worn)
 d - a +1 kite shield of protection
 e - a +2 pair of boots of stealth (worn)
 h - a +0 kite shield of reflection (worn)
 k - a +0 cloak (worn)
 K - a +2 robe of cold resistance
 O - a +2 pair of gloves of strength (worn)
 T - the +2 hat of Hadjma {rElec rC+ Slay-5 Stlth+}
   (You bought it in a shop on level 2 of the Orcish Mines)

   Slay:      It affects your accuracy & damage with ranged weapons and melee
   (-5).
   rC:        It protects you from cold.
   rElec:     It insulates you from electricity.
   Stlth:     It makes you more stealthy.
 V - the +5 scale mail of Scuffed Liberty {Int+2}
   (You found it on level 4 of the Lair of Beasts)

   Int:       It affects your intelligence (+2).
 Y - the +3 hat of Pondering (worn) {ponderous, Will+ MP+10 Int+5}
   (You took it off Gastronok on level 11 of the Dungeon)

   Int:       It affects your intelligence (+5).
   MP:        It affects your magic capacity (+10).
   Will:      It increases your willpower.
Magical Staves
 R - a staff of cold
Jewellery
 i - a +4 ring of protection
 o - a ring of positive energy
 x - a ring of ice
 I - a +6 ring of strength (left hand)
 N - the ring "Juplirgh" (right hand) {rF+ rN+ rCorr MP+9 SInv}
   (You bought it in a shop on level 2 of the Orcish Mines)

   [ring of resist corrosion]

   rF:        It protects you from fire.
   rN:        It protects you from negative energy.
   MP:        It affects your magic capacity (+9).
   SInv:      It lets you see invisible.
   rCorr:     It protects you from acid and corrosion.
Wands
 a - a wand of iceblast (23)
 B - a wand of polymorph (12)
 F - a wand of acid (9)
 H - a wand of paralysis (21)
 J - a wand of flame (66)
 Q - a wand of mindburst (33)
Scrolls
 c - a scroll of blinking
 f - a scroll of fog
 g - 4 scrolls of enchant armour
 j - 6 scrolls of amnesia
 n - 4 scrolls of teleportation
 p - 2 scrolls of brand weapon
 q - 2 scrolls of fear
 r - 5 scrolls of immolation
 t - 4 scrolls of torment
 w - 5 scrolls of poison
 y - 5 scrolls of enchant weapon
 A - 5 scrolls of noise
 D - 4 scrolls of magic mapping
 U - 7 scrolls of identify
 X - a scroll of silence
Potions
 m - a potion of ambrosia
 s - 6 potions of attraction
 u - 5 potions of mutation
 v - 4 potions of might
 z - 2 potions of heal wounds
 C - 3 potions of invisibility
 E - 2 potions of flight
 G - a potion of berserk rage
 P - 2 potions of resistance {unknown}
 S - 2 potions of brilliance
 Z - a potion of lignification {unknown}


   Skills:
 - Level 8.0 Fighting
 - Level 9.5 Armour
 - Level 3.9 Dodging
 - Level 1.7 Stealth
 - Level 5.2 Shields
 + Level 2.3 Unarmed Combat
 - Level 14.2 Spellcasting
 - Level 11.5 Conjurations
 - Level 0.3 Translocations
 - Level 6.4 Transmutations
 - Level 18.0 Air Magic


You had 8 spell levels left.
You knew the following spells:

 Your Spells              Type           Power      Damage    Failure   Level
a - Shock                 Conj/Air       100%       1d9       0%          1
b - Static Discharge      Conj/Air       100%       3-16/arc  1%          2
c - Swiftness             Air            100%       N/A       0%          3
d - Airstrike             Air            54%        0-17+     1%          4
e - Poisonous Vapours     Pois/Air       100%       N/A       1%          2
f - Sting                 Tmut/Pois      100%       1d8       1%          1
g - Blink                 Tloc           64%        N/A       7%          2
h - Lightning Bolt        Conj/Air       50%        1d71      1%          5
i - Summon Lightning Spi  Summ/Air       80%        N/A       1%          4
j - Storm Form            Tmut/Air       46%        N/A       28%         7
k - Manifold Assault      Tloc           32%        N/A       77%         5

Your spell library contained the following spells:

 Spells                   Type           Power      Damage    Failure   Level
 Magic Dart               Conj           100%       1d8       1%          1
 Searing Ray              Conj           100%       2d8       1%          2
 Spider Form              Tmut/Pois      53%        N/A       4%          3
 Fulminant Prism          Conj/Hex       33%        3d16      4%          4
 Ensorcelled Hibernation  Hex/Ice        58%        N/A       8%          2
 Blade Hands              Tmut           35%        N/A       10%         5
 Anguish                  Hex/Necr       14%        N/A       45%         4
 Animate Armour           Summ/Erth      58%        N/A       45%         4
 Olgreb's Toxic Radiance  Pois           29%        N/A       45%         4
 Iron Shot                Conj/Erth      33%        9d7       58%         6


Dungeon Overview and Level Annotations

Branches:
Dungeon (15/15)            Temple (0/1) D:7            Lair (4/5) D:10
  Swamp (4/4) Lair:3       Spider (4/4) Lair:3        Slime (0/5) Lair:4
    Orc (2/2) D:9             Elf (0/3) Orc:2        Vaults (0/5) D:14
 Depths (0/4) D:15          Sewer (visited)

Shops:
Orc:2 =[(!

Portals:
Trove: D:10 (give 8 scrolls of fog)

Annotations:
Swamp:2 1 runed translucent door, AmberJosephineTwo's ghost, journeyman MeIE
Orc:2 2 transporters, WhatIsLove's ghost, journeyman DsMo


Innate Abilities, Weirdness & Mutations

You have an increased reservoir of magic. (+10% MP)
You shall have no god before yourself.
Your divine heritage dramatically boosts your attributes as you level up.
You have very sharp teeth.
Your flesh is heat resistant. (rF+)


Message History

The lightning grounds out.
The jumping spider pounces on you! You block the jumping spider's attack.
The wolf spider closely misses you.
The wolf spider bites you but does no damage.
You block the wolf spider's attack. The wolf spider barely misses you.
Unknown command.
Unknown command.
Unknown command.
Casting: Static Discharge (safe; 1% risk of failure)
Confirm with . or Enter, or press ? or * to list all spells.
Aiming: Lightning Bolt (mildly dangerous; 1% risk of failure)
Press: ? - help, Shift-Dir - straight line, f/p - broodmother
Aim: a broodmother (heavily wounded, 93% to hit)
That beam is likely to hit you.
Continue anyway?
You hear a mighty clap of thunder!
The bolt of lightning hits the broodmother!!
The broodmother is severely wounded.
The bolt of lightning hits the broodmother!!
The broodmother is almost dead.
The bolt of lightning hits you!!
* * * LOW HITPOINT WARNING * * *
The bolt of lightning hits you.
* * * LOW HITPOINT WARNING * * *
You are no longer locked in place.
The redback bites you but does no damage.
The jumping spider closely misses you. You block the jumping spider's attack.
The wolf spider hits you but does no damage.
The wolf spider bites you but does no damage.
The wolf spider hits you but does no damage.
The wolf spider bites you but does no damage.
The broodmother summons spiders!
The redback bites you but does no damage.
The jumping spider pounces on you.
* * * LOW HITPOINT WARNING * * *
You are caught in a web!
The jumping spider bites you but does no damage.
The wolf spider hits you.
* * * LOW HITPOINT WARNING * * *
The wolf spider bites you but does no damage.
The wolf spider hits you!
You die...

.#....###^..^.##
.....###.......######
....####........##.^#
...##^.....^#°..##^.#
..........###..^^...##
..........# ##s.#....#
. ........###
#.s.#....# ^≈
.....####
#..sss...###≈# #..###
#..s@ss..'...##^ ####
##..##...'^..≈≈^
##.##..^'..^...
#...#...###..^.
###.......# ..^
##....#....# ≈.
#...#.....##
#.....^...#
##^....#..#


You could see a broodmother, 2 wolf spiders, a culicivora (summoned), 2 jumping
spiders, a tarantella (summoned) and a redback.

Vanquished Creatures
  Rupert (Spider:1)
  Gastronok (D:11)
  A thorn hunter (Swamp:3)
  Agnes (Spider:2)
  A fenstrider witch (Swamp:1)
  An orc warlord (Orc:2)
  2 emperor scorpions
  3 ghost moths
  3 very ugly things (Swamp:4)
  3 broodmothers
  2 eleionomae
  4 entropy weavers
  A spark wasp (Spider:2)
  The ghost of Wyrua the Skirmisher, a journeyman DgHu (Lair:3)
  4 bunyips
  2 green deaths (Swamp:4)
  A shambling mangrove (Swamp:4)
  Fannar (Lair:2)
  15 hydras
  3 vault guards (D:14)
  3 boulder beetles
  3 jorogumos
  An ogre mage (D:15)
  5 centaur warriors
  A radroach (Spider:3)
  Erica (D:8)
  6 two-headed ogres
  3 death yaks
  9 alligators
  2 tengu warriors
  3 spriggan berserkers (Swamp:3)
  A deep troll earth mage (D:12)
  A sun moth (Spider:2)
  2 goliath frogs
  3 pharaoh ants
  4 spriggan druids
  Amaemon (D:10)
  A death drake (Swamp:4)
  10 orb spiders
  9 steelbarb worms
  6 bog bodies
  5 swamp dragons
  A wizard (D:13)
  A lindwurm (Orc:2)
  2 orc knights (Orc:2)
  13 ugly things
  10 wolf spiders
  A will-o-the-wisp (Swamp:2)
  A manticore (D:13)
  A salamander (shapeshifter) (D:14)
  A moth of wrath (Lair:3)
  7 cyclopes
  5 elephants (Lair:4)
  Maurice (D:8)
  A black mamba (Lair:1)
  3 gargoyles
  3 torpor snails
  4 orange demons
  8 cane toads
  8 komodo dragons
  Maggie (D:10)
  A rime drake (Lair:1)
  Psyche (D:11)
  9 demonic crawlers
  A kobold demonologist (D:12)
  2 tengu conjurers
  A freezing wraith (D:15)
  2 bloated husks
  A polar bear (Lair:3)
  A large abomination (Swamp:4)
  5 trolls
  9 hornets
  22 tarantellas
  4 tyrant leeches
  15 slime creatures
  20 blink frogs
  21 jumping spiders
  A wraith (D:12)
  16 spriggans
  A vampire (D:10)
  23 yaks
  4 shadows
  A wyvern (D:9)
  20 culicivoras
  3 basilisks
  6 humans (D:14)
  4 steam dragons
  7 vampire mosquitoes
  41 redbacks
  Grum (D:10)
  7 wargs
  3 acid dragons
  3 water moccasins
  14 swamp worms
  3 swamp drakes (Swamp:1)
  31 orc warriors
  Pargi (Sewer)
  3 sky beasts (D:7)
  2 ice beasts
  8 ogres
  2 wolves (D:10)
  4 black bears
  19 centaurs
  2 phantoms
  12 bullfrogs
  4 kobold brigands
  3 gnoll sergeants
  4 scorpions
  8 wights
  15 killer bees
  5 jellies
  2 electric eels (D:10)
  A lava snake (Orc:2)
  2 hounds
  A gnoll bouda (D:6)
  4 orc priests
  2 iguanas
  14 orc wizards
  23 gnolls
  3 adders
  A shadow imp (D:6)
  3 white imps
  3 ufetubi
  2 worms (D:3)
  4 dart slugs
  78 orcs
  5 ball pythons
  7 bats
  10 endoplasms
  4 giant cockroaches
  4 goblins
  5 hobgoblins
  2 quokkas (D:2)
  4 frilled lizards
  38 kobolds
  6 rats
  2 briar patches (Swamp:3)
829 creatures vanquished.

Vanquished Creatures (collateral kills)
  A tentacled monstrosity (Swamp:4)
  Donald (Orc:2)
  A ghost moth (Spider:4)
  A broodmother (Spider:4)
  2 green draconians (Swamp:1)
  An eleionoma (Swamp:1)
  A bunyip (Swamp:3)
  A shambling mangrove (Swamp:3)
  An ice dragon (D:15)
  A ghost crab (Swamp:4)
  A hydra (Swamp:4)
  A vault guard (D:14)
  A radroach (Spider:2)
  2 alligators
  A spriggan berserker (Swamp:3)
  2 goliath frogs
  A pharaoh ant (Spider:3)
  3 swamp dragons
  A bog body (Swamp:4)
  2 orc knights
  4 ugly things (D:15)
  An orc sorcerer (Orc:2)
  3 wolf spiders
  A manticore (D:15)
  A manticore (shapeshifter) (D:14)
  2 trolls
  2 tyrant leeches
  A tarantella (Spider:2)
  A slime creature (Swamp:4)
  4 culicivoras
  2 jumping spiders
  11 redbacks
  2 vampire mosquitoes (Swamp:3)
  9 orc warriors (Orc:2)
  4 centaurs
  4 orc priests (Orc:2)
  An orc wizard (Orc:2)
  9 orcs
88 creatures vanquished.

Vanquished Creatures (others)
  3 humans
  2 orc wizards
  A briar patch (Swamp:3)
  A butterfly (D:9)
  35 fungi
  100 plants
142 creatures vanquished.

Grand Total: 1059 creatures vanquished

Notes
Turn   | Place    | Note
-------+----------+-------------------------------------------
     0 | D:1      | manyhoops the Demigod Air Elementalist began the quest for
                  | the Orb.
     0 | D:1      | Reached XP level 1. HP: 14/14 MP: 5/5
   346 | D:1      | Reached skill level 3 in Air Magic
   547 | D:1      | Reached XP level 2. HP: 20/20 MP: 1/7
   628 | D:1      | Learned a level 2 spell: Static Discharge
  1236 | D:2      | Reached skill level 1 in Conjurations
  1373 | D:2      | Reached XP level 3. HP: 26/26 MP: 3/9
  1472 | D:2      | Learned a level 3 spell: Swiftness
  2227 | D:3      | Reached XP level 4. HP: 28/33 MP: 0/10
  2448 | D:3      | Found a glowing drain.
  2459 | Sewer    | Entered a sewer
  2579 | Sewer    | Noticed Pargi
  2584 | Sewer    | Killed Pargi
  2585 | Sewer    | Reached skill level 4 in Air Magic
  2585 | Sewer    | Reached XP level 5. HP: 24/38 MP: 1/12
  3131 | D:3      | You fall into a shaft and drop 2 floors!
  3131 | D:5      | Entered Level 5 of the Dungeon
  3133 | D:5      | Noticed an ogre
  3146 | D:5      | Noticed a black bear
  3329 | D:5      | Noticed an ice beast
  3336 | D:5      | Killed an ice beast
  3337 | D:5      | Reached XP level 6. HP: 42/45 MP: 5/14
  3347 | D:5      | Learned a level 4 spell: Airstrike
  3864 | D:4      | Reached skill level 5 in Air Magic
  3864 | D:4      | Reached XP level 7. HP: 45/50 MP: 9/16
  4095 | D:1      | Learned a level 2 spell: Poisonous Vapours
  4131 | D:3      | Learned a level 1 spell: Sting
  4287 | D:4      | Noticed a human
  4290 | D:4      | Killed a human
  4995 | D:5      | Reached skill level 5 in Spellcasting
  5940 | D:6      | Noticed a steam dragon
  5950 | D:6      | Killed a steam dragon
  5951 | D:6      | Reached XP level 8. HP: 32/57 MP: 7/20
  5967 | D:6      | Reached skill level 6 in Air Magic
  7339 | D:7      | Found a staircase to the Ecumenical Temple.
  7444 | D:7      | Reached skill level 5 in Conjurations
  7588 | D:7      | Gained mutation: Your flesh is heat resistant. (rF+)
                  | [potion of mutation]
  7588 | D:7      | Gained mutation: You have very sharp teeth. [potion of
                  | mutation]
  7880 | D:7      | Reached skill level 7 in Air Magic
  8234 | D:7      | Reached XP level 9. HP: 36/62 MP: 14/23
  8587 | D:8      | Noticed Maurice
  8628 | D:8      | Killed Maurice
  8865 | D:8      | HP: 3/62 [orc warrior/+0 long sword (10)]
  8868 | D:8      | Reached skill level 8 in Air Magic
  9140 | D:8      | Reached skill level 1 in Fighting
  9811 | D:8      | Reached XP level 10. HP: 72/80 MP: 19/26
  9819 | D:8      | Reached skill level 5 in Fighting
  9897 | D:8      | Noticed Erica
 10413 | D:8      | Killed Erica
 10706 | D:8      | Learned a level 2 spell: Blink
 12589 | D:9      | Found a staircase to the Orcish Mines.
 12819 | D:10     | Entered Level 10 of the Dungeon
 12830 | D:10     | Found a portal to a secret trove of treasure.
 12930 | D:10     | Noticed Grum
 13387 | D:10     | Reached skill level 9 in Air Magic
 13406 | D:10     | Killed Grum
 13614 | D:10     | Found a staircase to the Lair.
 13654 | D:10     | Noticed Amaemon
 13660 | D:10     | Killed Amaemon
 13661 | D:10     | Reached XP level 11. HP: 91/91 MP: 4/28
 13755 | D:10     | Noticed Maggie
 13770 | D:10     | Killed Maggie
 14222 | D:10     | Noticed a centaur warrior
 14230 | D:10     | Killed a centaur warrior
 14747 | Lair:1   | Entered Level 1 of the Lair of Beasts
 14786 | Lair:1   | Reached skill level 10 in Air Magic
 14789 | Lair:1   | Reached skill level 10 in Spellcasting
 15201 | Lair:1   | Reached skill level 1 in Armour
 15568 | Lair:1   | You fall into a shaft and drop 1 floor!
 16080 | Lair:1   | Reached skill level 5 in Armour
 17141 | Lair:1   | Reached XP level 12. HP: 97/97 MP: 20/30
 17702 | Lair:2   | Noticed Fannar
 17736 | Lair:2   | Killed Fannar
 17737 | Lair:2   | Reached skill level 11 in Air Magic
 17898 | Lair:2   | Noticed a boulder beetle
 17925 | Lair:2   | Killed a boulder beetle
 18140 | Lair:2   | Noticed a four-headed hydra
 18146 | Lair:2   | Killed a four-headed hydra
 19030 | Lair:3   | Reached skill level 12 in Air Magic
 19127 | Lair:3   | Found a hole to the Spider Nest.
 19128 | Lair:3   | Identified the +8 dagger of Excruciating Pain {flame, rC++}
 19442 | Lair:3   | Noticed Wyrua's ghost (journeyman DgHu)
 19453 | Lair:3   | Found a transporter.
 19460 | Lair:3   | Found a transporter.
 19962 | Lair:3   | Noticed a six-headed hydra
 19966 | Lair:3   | Killed a six-headed hydra
 20080 | Lair:3   | Noticed a six-headed hydra
 20746 | Lair:3   | Reached skill level 13 in Air Magic
 20816 | Lair:3   | Killed a six-headed hydra
 20906 | Lair:3   | Found a staircase to the Swamp.
 21220 | Lair:4   | Found a staircase to the Slime Pits.
 22154 | Lair:4   | Identified the +5 scale mail of Scuffed Liberty {Int+2}
 22963 | D:11     | Reached XP level 13. HP: 91/105 MP: 28/31
 23272 | D:11     | Noticed Gastronok
 23280 | D:11     | Killed Gastronok
 23534 | D:11     | Noticed Psyche
 23537 | D:11     | Killed Psyche
 23847 | Orc:1    | Entered Level 1 of the Orcish Mines
 23858 | D:9      | Learned a level 5 spell: Lightning Bolt
 23863 | D:9      | Learned a level 4 spell: Summon Lightning Spire
 24000 | Orc:2    | Entered Level 2 of the Orcish Mines
 24014 | Orc:2    | Noticed Donald
 24021 | Orc:2    | Killed Donald
 24351 | Orc:2    | Reached skill level 14 in Air Magic
 24352 | Orc:2    | Found a transporter.
 24355 | Orc:2    | Found a staircase to the Elven Halls.
 24379 | Orc:2    | Identified the +7 great mace "Demigod's Foe" {flame, rPois
                  | Dex+3}
 24380 | Orc:2    | Noticed WhatIsLove's ghost (journeyman DsMo)
 25327 | Orc:2    | Reached skill level 15 in Air Magic
 25406 | Orc:2    | Found a transporter.
 25652 | Orc:2    | Noticed an orc warlord
 25658 | Orc:2    | Killed an orc warlord
 25933 | Orc:2    | Reached skill level 1 in Shields
 26257 | Orc:2    | Found Niczeh's Antique Weapon Shop.
 26257 | Orc:2    | Found Kivuj's Antique Armour Emporium.
 26259 | Orc:2    | Found Zoteu's Jewellery Shoppe.
 26261 | Orc:2    | Found Pyasu's Distillery.
 26268 | Orc:2    | Bought the ring "Juplirgh" {rF+ rN+ rCorr MP+9 SInv} for
                  | 1103 gold pieces
 26272 | Orc:2    | Bought a brightly glowing hat for 297 gold pieces
 26272 | Orc:2    | Identified the +2 hat of Hadjma {rElec rC+ Slay-5 Stlth+}
                  | (You bought it in a shop on level 2 of the Orcish Mines)
 26275 | Orc:2    | Bought a potion of heal wounds for 60 gold pieces
 26573 | D:12     | Identified the +1 robe of the Desolation of Salt {*Slow
                  | rElec rC+ Dex+3}
 27349 | D:13     | Identified the +1 scale mail of Peas {Harm rF+ Str+2
                  | Stlth+}
 27663 | D:13     | Reached skill level 5 in Shields
 28931 | D:14     | Reached XP level 14. HP: 113/113 MP: 31/33
 29866 | D:14     | Found a gate to the Vaults.
 29872 | D:14     | Identified the +8 broad axe of Noon {venom, rCorr Int+4}
 30016 | D:15     | Entered Level 15 of the Dungeon
 30202 | D:15     | Reached skill level 16 in Air Magic
 31612 | D:15     | Found a staircase to the Depths.
 32172 | Lair:3   | Killed Wyrua's ghost
 32259 | Swamp:1  | Entered Level 1 of the Swamp
 32469 | Swamp:1  | Noticed a fenstrider witch
 32474 | Swamp:1  | Killed a fenstrider witch
 34007 | Swamp:1  | Reached XP level 15. HP: 24/118 MP: 7/38
 35790 | Swamp:2  | Found a runed translucent door.
 35791 | Swamp:2  | Noticed AmberJosephineTwo's ghost (journeyman MeIE)
 35999 | Swamp:3  | Noticed a thorn hunter
 36031 | Swamp:3  | Killed a thorn hunter
 36294 | Swamp:3  | Reached skill level 17 in Air Magic
 37177 | Swamp:4  | Entered Level 4 of the Swamp
 38587 | Swamp:4  | Noticed a tentacled monstrosity
 38603 | Swamp:4  | Killed a tentacled monstrosity
 39339 | Swamp:4  | Reached XP level 16. HP: 98/126 MP: 10/39
 39682 | Swamp:4  | Reached skill level 10 in Conjurations
 39921 | Swamp:4  | Got a decaying rune of Zot
 40098 | Spider:1 | Entered Level 1 of the Spider Nest
 40434 | Spider:1 | Noticed Rupert
 40438 | Spider:1 | Killed Rupert
 42186 | Spider:2 | Noticed Agnes
 42190 | Spider:2 | Killed Agnes
 42481 | Spider:2 | You fall into a shaft and drop 1 floor!
 42629 | Spider:2 | HP: 5/123 [jorogumo/bolt of negative energy (7)]
 45477 | Spider:2 | Reached skill level 18 in Air Magic
 46006 | Spider:2 | Learned a level 7 spell: Storm Form
 46038 | Spider:4 | Entered Level 4 of the Spider Nest
 46047 | Spider:4 | Reached skill level 1 in Transmutations
 47070 | Spider:4 | Reached skill level 5 in Transmutations
 47605 | Spider:4 | Reached XP level 17. HP: 82/134 MP: 39/40
 47985 | Spider:4 | Learned a level 5 spell: Manifold Assault
 48157 | Spider:4 | Reached skill level 1 in Unarmed Combat
 48722 | Spider:4 | Slain by a wolf spider

Illustrated notes

Levels and vault maps discovered:
D:1:      minmay_arrival_three_doors, layout_loops_cross,
          dreamdust_ecumenical_altar_grove
D:2:      layout_basic, minmay_misc_feat_diagonals, minmay_tripent
D:3:      layout_basic, general_overflow_altar, cheibrodos_sewer_entry_sluice,
          bh_walls_and_bars
D:4:      layout_basic, mainiacjoe_overflow_boulevard, tgw_kikubaaqudgha
D:5:      layout_basic, minitemple
D:6:      layout_layer_cave, nicolae_wu_jian_glorious_leap
D:7:      layout_gridville, nemelex_xobeh_ov_fountains_minmay,
          minmay_temple_entry_drinking_statues
D:8:      layout_basic, special_room [special_room_orc],
          minmay_misc_feat_encased, blue_anna_alchemist, uniq_erica,
          uniq_maurice
D:9:      layout_loops_ring, nicolae_elyvilon_peaceful_grove,
          lightli_temple_of_fire, cheibriados_altar_1,
          minmay_orc_entry_guard_dogs
D:10:     layout_gridville, grunt_lair_entry_orc_guard_hut,
          nicolae_trove_entry_columns, serial_bayou_ford_a, uniq_amaemon,
          uniq_maggie, uniq_grum
D:11:     layout_stronghold, skrybe_limestone_x, uniq_psyche, uniq_gastronok
D:12:     layout_long_grid, kennysheep_just_a_vault
D:13:     layout_cave_pools, ebering_dispersal_statue_hall,
          hangedman_glass_teeth
D:14:     layout_loops_ring, ximxim_vaults_locker_room
D:15:     grunt_enter_depths_hoard, layout_long_grid, fiery_altar_vehumet
Lair:1:   layout_cave_pods, serial_forest, infiniplex_forest_clump_diagonal,
          infiniplex_forest_straight_2, infiniplex_forest_lined_1,
          infiniplex_forest_clump_diagonal, infiniplex_forest_straight_5,
          infiniplex_forest_corner_2, infiniplex_forest_clump_cross,
          infiniplex_forest_straight_4, infiniplex_forest_lined_2
Lair:2:   layout_cave_pods, nzn_sisyphean_effort, uniq_fannar
Lair:3:   layout_loops_ring, palyth_hydra_swamp_entry,
          spider_nest_entry_web_field, gammafunk_ghost_wrathful_warriors,
          serial_bayou_shore_b
Lair:4:   layout_loops_ring, minmay_slime_entry_pillars
Swamp:1:  layout_basic_swamp, hangedman_swamp_cone, swamp_pool1,
          hangedman_swamp_dais
Swamp:2:  nicolae_swamp_ascending_descending, layout_basic_swamp,
          ebering_ghost_inner_flame, nicolae_swamp_trees_clearing, swamp_pool1,
          nicolae_swamp_alligator_family
Swamp:3:  layout_falls_marsh, evilmike_swamp_ruin_house_5
Swamp:4:  swamp_vile, layout_basic_swamp, swamp_pool5
Spider:1: layout_chambers, uniq_rupert
Spider:2: layout_spider_delve, nicolae_spider_orb_run, uniq_agnes
Spider:3: layout_spider_delve, portal_ice_cave_entry_pillars_four,
          nicolae_spider_webs_and_nodes
Spider:4: spider_rune_water
Orc:1:    layout_caves, basic_altar
Orc:2:    st_orc_rangers, layout_caves, nicolae_volcano_entry_vermiform,
          gammafunk_ghost_smash, nicolae_orc_lava_room, uniq_donald

Skill      XL: |  1  2  3  4  5  6  7  8  9 10 11 12 13 14 15 16 17 |
---------------+----------------------------------------------------+-----
Air Magic      | 3 4 5 7 8 9 10 13 15 16 17 18 | 18.0
Spellcasting   | 2 3 4 5 7 9 10 13 14 | 14.2
Conjurations   | 1 2 3 4 5 6 9 11 | 11.5
Fighting       | 4 6 7 8 |  8.0
Armour         | 7 9 |  9.5
Dodging        | 3 |  3.9
Shields        | 5 |  5.2
Transmutations | 6 |  6.4
Unarmed Combat | 2 |  2.3
Stealth        | |  1.7
Translocations | |  0.3

Action                   |  1- 3 |  4- 6 |  7- 9 | 10-12 | 13-15 | 16-18 || total
-------------------------+-------+-------+-------+-------+-------+-------++-------
Melee: Short sword       |     7 |       |       |       |       |       ||     7
       Dagger            |       |     6 |    22 |    17 |    22 |    31 ||    98
       Bite              |       |       |     3 |     6 |     5 |     6 ||    20
       Demon whip        |       |       |       |    21 |       |       ||    21
       Unarmed           |       |       |       |       |       |    18 ||    18
       Punch             |       |       |       |       |       |     1 ||     1
 Cast: Shock             |   106 |    55 |   181 |   154 |   158 |    17 ||   671
       Static Discharge  |     4 |    15 |    43 |   139 |    94 |    67 ||   362
       Airstrike         |       |     1 |    31 |   197 |   529 |   293 ||  1051
       Poisonous Vapours |       |       |    11 |       |       |       ||    11
       Sting             |       |       |     3 |       |       |     2 ||     5
       Summon Lightning  |       |       |       |       |    62 |    27 ||    89
       Lightning Bolt    |       |       |       |       |    56 |    68 ||   124
       Swiftness         |       |       |       |       |     1 |     1 ||     2
       Blink             |       |       |       |       |       |     3 ||     3
       Storm Form        |       |       |       |       |       |     2 ||     2
       Manifold Assault  |       |       |       |       |       |     1 ||     1
Evoke: Wand              |       |       |     1 |       |       |       ||     1
  Use: Potion            |     1 |       |     6 |     6 |    10 |     7 ||    30
       Scroll            |     4 |     6 |     5 |    15 |    12 |     7 ||    49
 Stab: Sleeping          |       |     1 |       |       |       |       ||     1
Armor: Robe              |    10 |     8 |       |    15 |       |       ||    33
       Leather armour    |       |       |    20 |    36 |       |       ||    56
       Scale mail        |       |       |       |    23 |   138 |       ||   161
       Swamp dragon scal |       |       |       |       |    56 |   140 ||   196
       Skin              |       |       |       |       |       |    10 ||    10
Dodge: Dodged            |    30 |    24 |    69 |   170 |   130 |   101 ||   524
Block: Kite shield       |       |       |       |       |    92 |    98 ||   190
       Reflection        |       |       |       |       |    21 |       ||    21

Table legend: (Time is in decaauts)
 A = Elapsed time spent in this place.
 B = Non-inter-level travel time spent in this place.
 C = Inter-level travel time spent in this place.
 D = Time resting spent in this place.
 E = Time spent auto-exploring this place.
 F = Levels seen in this place.
 G = Mean time per level.
                   A        B        C        D        E       F      G
               +--------+--------+--------+--------+--------+-----+--------+
         Total |  49898 |  47867 |   2031 |   9530 |  32226 |  30 | 1663.3 |
       Dungeon |  21991 |  21020 |    971 |   2188 |  16359 |  15 | 1466.1 |
          Lair |   7860 |   7230 |    630 |   1193 |   5076 |   4 | 1965.0 |
         Swamp |   8231 |   8027 |    204 |   2589 |   4572 |   4 | 2057.8 |
   Spider Nest |   8889 |   8726 |    163 |   2535 |   5009 |   4 | 2222.2 |
  Orcish Mines |   2626 |   2565 |     61 |   1025 |    959 |   2 | 1313.0 |
         Sewer |    300 |    300 |      0 |      0 |    250 |   1 |  300.0 |
               +--------+--------+--------+--------+--------+-----+--------+

Top non-repeatable levels by time:
Spider:2: 2999 daAuts
     D:8: 2550 daAuts
 Swamp:4: 2543 daAuts
    D:10: 2505 daAuts
Spider:1: 2491 daAuts
  Lair:3: 2449 daAuts
 Swamp:1: 2421 daAuts
  Lair:1: 2239 daAuts
Spider:4: 2158 daAuts
  Lair:2: 1964 daAuts
    D:15: 1941 daAuts
     D:9: 1877 daAuts
 Swamp:2: 1772 daAuts
   Orc:2: 1757 daAuts
     D:6: 1605 daAuts
